 Dungeon Crawl Stone Soup version 0.30-a0-347-gf58ed5266c (webtiles) character file.

Game seed: 8009575807339485036

5629 MTVSty1e the Severer (level 10, 0/96 HPs)
             Began as a Minotaur Fighter on Nov 6, 2022.
             Was an Initiate of Okawaru.
             Slain by Joseph
             ... wielding a +0 quarterstaff
              (4 damage)
             ... on level 7 of the Dungeon.
             The game lasted 00:10:24 (8637 turns).

MTVSty1e the Severer (Minotaur Fighter)             Turns: 8637, Time: 00:10:25

Health: 0/96       AC:  9    Str: 25 (26) XL:     10   Next: 46%
Magic:  9/9        EV:  7    Int:  4 (5)  God:    Okawaru [......]
Gold:   621        SH:  9    Dex:  7 (9)  Spells: 9/9 levels left

rFire   + + .      SeeInvis .    a - +1 war axe
rCold   + + .      Faith    .    c - +0 buckler
rNeg    . . .      Spirit   .    F - +2 chain mail {rF+}
rPois   .          Reflect  +    e - +2 hat
rElec   .          Harm     .    B - scarf {rC+ rF+}
rCorr   .          Rampage  .    (no gloves)
Will    .....                    (no boots)
Stlth   ..........               y - amulet of reflection
HPRegen 0.36/turn                m - ring of protection from cold
MPRegen 0.11/turn                (no ring)

@: brilliant, corroded, hasted, studying Axes, very quick
A: horns 2, retaliatory headbutt
a: Renounce Religion


You were on level 7 of the Dungeon.
You worshipped Okawaru.
Okawaru was noncommittal.
You visited 2 branches of the dungeon, and saw 9 of its levels.
You also visited: Sewer and Bailey.

You collected 621 gold pieces.

Inventory:

Hand Weapons
 a - a +1 war axe (weapon)
 H - a +0 hand axe of flaming
Missiles
 i - 2 throwing nets (quivered)
Armour
 b - a +0 scale mail
 c - a +0 buckler (worn)
 e - a +2 hat (worn)
 l - a +0 troll leather armour {Pargi}
 B - a scarf of resistance (worn)
 C - a +1 ring mail of cold resistance
 F - a +2 chain mail of fire resistance (worn)
Jewellery
 m - a ring of protection from cold (left hand)
 u - an amulet of regeneration
 y - an amulet of reflection (around neck)
 J - a +4 ring of protection
 K - a +6 ring of dexterity
 L - an amulet of guardian spirit
Scrolls
 f - a scroll of amnesia
 k - 4 scrolls of teleportation
 o - a scroll of poison
 q - a scroll of immolation
 t - 3 scrolls of blinking
 v - 2 scrolls of enchant armour
 w - 6 scrolls of fear
 I - 2 scrolls of magic mapping
Potions
 d - 3 potions of might
 g - 9 potions of curing
 h - a potion of degeneration
 j - 4 potions of resistance
 n - 2 potions of flight {unknown}
 p - 8 potions of lignification
 r - a potion of magic
 s - a potion of heal wounds {unknown}
 x - a potion of mutation {unknown}
 z - a potion of haste
 A - a potion of experience {unknown}
 D - a potion of brilliance
 E - a potion of invisibility
 G - a potion of attraction {unknown}


   Skills:
 + Level 11.4 Fighting
 * Level 15.8 Axes
 - Level 3.6 Armour
 - Level 3.6 Shields


You had 9 spell levels left.
You didn't know any spells.
Your spell library was empty.

Dungeon Overview and Level Annotations

Branches:
Dungeon (8/15)             Temple (1/1) D:4           Sewer (visited)
 Bailey (visited)
   Lair: D:8-11

Altars:
Ashenzari
Cheibriados
Dithmenos
Fedhas
Gozag
Hepliaklqana
Kikubaaqudgha
Makhleb
Nemelex Xobeh
Okawaru
Qazlal
Ru
Trog
Uskayaw
Wu Jian
Xom
Yredelemnul
Zin
The Shining One

Shops:
D:3 :   D:6 *   D:8 ?

Annotations:
D:5 1 runed translucent door, minbekrie's ghost, amateur OgEE
D:7 Joseph


Innate Abilities, Weirdness & Mutations

You have a pair of horns on your head.
You reflexively headbutt those who attack you in melee.


Message History

Joseph is moderately wounded.
You miss something. You block Joseph's attack. Something hits you.
Something shocks you.
You barely miss Joseph.
Joseph is moderately wounded.
You closely miss something. Joseph hits you but does no damage.
You slash Joseph! You headbutt Joseph.
Joseph is heavily wounded.
You hit something but do no damage. Something hits you but does no damage.
Joseph hits you with a +0 quarterstaff!
You slash Joseph! You headbutt Joseph, but do no damage.
Joseph is heavily wounded.
You slash something!
You hear a zap.
A bolt of acid appears from out of thin air!
The bolt of acid hits you but does no damage.
The acid corrodes you! Something hits you but does no damage.
You hit Joseph but do no damage.
Joseph is heavily wounded.
You hit something but do no damage. Joseph hits you with a +0 quarterstaff!
* * * LOW HITPOINT WARNING * * *
Something completely misses you.
You hear a zap.
A bolt of acid appears from out of thin air!
The bolt of acid hits you!!
* * * LOW HITPOINT WARNING * * *
It was a potion of degeneration.
There was something very wrong with that liquid.
You feel weakened.
You feel dopey.
You feel clumsy. You block Joseph's attack.
Something hits you but does no damage.
It was a potion of magic.
Magic courses through your body.
Joseph says, "Drop everything you've found here and return home."
You block Joseph's attack. Something hits you but does no damage.
It was a potion of brilliance.
You feel clever all of a sudden.
Joseph says, "I've waited for this moment for such a long time."
Joseph barely misses you. Something hits you but does no damage.
It was a potion of haste.
You feel yourself speed up. Joseph hits you with a +0 quarterstaff.
You die...

.### .........# ....
...............#### ...
..........).......# .###
..........>....##.# .... ..
.....#.........##.# .## #..
.<............###.# ..###..
...............##.# .......
......)...........# ....#
#.....@@.......#..# ....#
#....{.{..........# ..###
#..............##.#
....#######..###.......###.#
............ ##.....## #.#
......##### ####### #.#
......... #.# #.......#
###.# ..#.#.#.. ##...#####


You could see Joseph.

Vanquished Creatures
  An orc warlord (Bailey)
  Pikel (D:6)
  2 wyverns (D:8)
  3 yaks (D:8)
  An acid dragon (D:6)
  Pargi (Sewer)
  A water moccasin (D:7)
  An ice beast (D:6)
  4 orc warriors (Bailey)
  A black bear (D:6)
  2 ogres
  2 centaurs
  A phantom (D:6)
  2 kobold brigands
  6 necrophages
  6 bullfrogs
  4 scorpions
  6 wights
  6 killer bees (D:8)
  3 jellies
  7 hounds
  An iron imp (D:5)
  2 orc wizards
  13 gnolls
  10 adders
  4 shadow imps
  4 white imps (D:7)
  3 worms
  5 dart slugs
  19 orcs
  8 ball pythons
  11 bats
  8 endoplasms
  5 giant cockroaches
  12 goblins
  11 hobgoblins
  4 jackals
  3 quokkas
  4 frilled lizards
  23 kobolds
  3 rats (D:1)
214 creatures vanquished.

Notes
Turn   | Place    | Note
-------+----------+-------------------------------------------
     0 | D:1      | MTVSty1e the Minotaur Fighter began the quest for the Orb.
     0 | D:1      | Reached XP level 1. HP: 19/19 MP: 0/0
   157 | D:1      | Reached skill level 3 in Axes
   184 | D:1      | Reached XP level 2. HP: 27/27 MP: 1/1
   500 | D:2      | Reached XP level 3. HP: 33/33 MP: 2/2
   510 | D:2      | Reached skill level 4 in Axes
   638 | D:2      | You fall into a shaft and drop 2 floors!
   638 | D:4      | Found a stormy altar of Qazlal.
   744 | D:2      | Reached XP level 4. HP: 41/41 MP: 3/3
  1099 | D:3      | Found a basalt altar of Yredelemnul.
  1330 | D:3      | Reached skill level 5 in Axes
  1633 | D:3      | Found Amurosku's Book Shoppe.
  1730 | D:4      | Found a blossoming altar of Fedhas.
  1750 | D:4      | Noticed a necrophage
  1761 | D:4      | Killed a necrophage
  1762 | D:4      | Reached skill level 5 in Fighting
  1762 | D:4      | Reached XP level 5. HP: 44/48 MP: 4/4
  1817 | D:4      | Found a staircase to the Ecumenical Temple.
  1893 | Temple   | Entered the Ecumenical Temple
  2021 | D:4      | Reached skill level 6 in Axes
  2323 | D:4      | Reached XP level 6. HP: 34/56 MP: 5/5
  2500 | D:4      | Reached skill level 7 in Axes
  3050 | D:4      | Reached XP level 7. HP: 54/63 MP: 6/6
  3310 | D:4      | Reached skill level 8 in Axes
  3612 | D:5      | Entered Level 5 of the Dungeon
  3673 | D:5      | Found a glowing drain.
  3695 | Sewer    | Entered a sewer
  3738 | Sewer    | Noticed Pargi
  3753 | Sewer    | Killed Pargi
  4142 | D:5      | Reached skill level 9 in Axes
  4291 | D:5      | Found a snail-covered altar of Cheibriados.
  4440 | D:5      | Found a runed translucent door.
  4440 | D:5      | Noticed minbekrie's ghost (amateur OgEE)
  4463 | D:5      | Reached XP level 8. HP: 73/73 MP: 7/7
  4484 | D:5      | Found a sparkling altar of Nemelex Xobeh.
  4916 | D:6      | Found an opulent altar of Gozag.
  4916 | D:6      | Found Gozag's Platinum Reserve.
  4930 | D:6      | Reached skill level 10 in Axes
  5379 | D:6      | Reached skill level 11 in Axes
  5934 | D:6      | Reached XP level 9. HP: 68/82 MP: 8/8
  6247 | D:6      | Noticed Pikel
  6254 | D:6      | Killed Pikel
  6255 | D:6      | Reached skill level 12 in Axes
  6980 | D:8      | Reached skill level 13 in Axes
  7000 | D:8      | Reached skill level 10 in Fighting
  7250 | D:8      | Found Niakiu's Magic Scroll Shoppe.
  7292 | D:8      | Found a flagged portal.
  7301 | Bailey   | Entered a bailey
  7306 | Bailey   | Noticed an orc warlord
  7312 | Bailey   | Acquired a +2 chain mail of fire resistance
  7403 | Bailey   | Reached skill level 14 in Axes
  7406 | Bailey   | Found a runed translucent gate.
  7406 | Bailey   | Found a runed translucent gate.
  7406 | Bailey   | Found a runed translucent gate.
  7493 | Bailey   | Reached XP level 10. HP: 88/94 MP: 9/9
  7672 | Bailey   | Killed an orc warlord
  7787 | Bailey   | Acquired a manual of Axes
  7975 | D:8      | Reached skill level 15 in Axes
  8150 | D:8      | Found an iron altar of Okawaru.
  8282 | D:8      | Became a worshipper of Warmaster Okawaru
  8620 | D:7      | Noticed Joseph
  8633 | D:7      | HP: 2/96 [something/bolt of acid (22)]
  8637 | D:7      | Slain by Joseph

Illustrated notes

Levels and vault maps discovered:
D:1:      saegor_arrival_simple_c, layout_basic, minmay_vboxes
D:2:      layout_rooms
D:3:      minmay_angry_zag, layout_loops_corners, mainiacjoe_overflow_24_doors,
          serial_shops, shop
D:4:      minmay_thinvault, layout_layer_cave, grunt_qazlal_sundering,
          mainiacjoe_overflow_surrounded_room, minmay_temple_entry_hall,
          kennysheep_opposing_triangles
D:5:      layout_basic, amcnicky_altar_gilded, slow_altar_1,
          gammafunk_ghost_grave, cheibrodos_sewer_entry_bend
D:6:      layout_loops_ring, nicolae_gozag_zags_fifth_avenue,
          dreamdust_princess_corridor, minmay_fractal_squares_5, uniq_pikel
D:7:      layout_rooms, minmay_increasing_density, uniq_joseph
D:8:      layout_basic, kennysheep_mini, serial_shops, shop, enter_bailey_2
Temple:   nicolae_temple_ecumenical_triangle

Skill      XL: |  1  2  3  4  5  6  7  8  9 10 |
---------------+-------------------------------+-----
Axes           | 3 4 5 6 7 9 11 14 15 | 15.8
Fighting       | 4 5 6 7 8 10 11 | 11.4
Armour         | |  3.6
Shields        | |  3.6

Action                   |  1- 3 |  4- 6 |  7- 9 | 10-12 || total
-------------------------+-------+-------+-------+-------++-------
Melee: War axe           |    78 |   126 |   271 |    72 ||   547
       Headbutt          |     7 |    16 |    44 |    15 ||    82
Throw: Throwing net      |       |       |     2 |       ||     2
  Use: Scroll            |       |       |    17 |     1 ||    18
       Potion            |       |       |     1 |     5 ||     6
Armor: Scale mail        |    44 |    71 |     8 |       ||   123
       Ring mail         |       |       |    74 |       ||    74
       Chain mail        |       |       |     5 |    34 ||    39
Dodge: Dodged            |    53 |    55 |   114 |    20 ||   242
Block: Buckler           |    11 |    28 |    92 |    27 ||   158
       Reflection        |       |       |     7 |     3 ||    10

Table legend: (Time is in decaauts)
 A = Elapsed time spent in this place.
 B = Non-inter-level travel time spent in this place.
 C = Inter-level travel time spent in this place.
 D = Time resting spent in this place.
 E = Time spent auto-exploring this place.
 F = Levels seen in this place.
 G = Mean time per level.
                   A        B        C        D        E       F      G
               +--------+--------+--------+--------+--------+-----+--------+
         Total |   8696 |   8094 |    602 |   1391 |   5316 |  11 |  790.5 |
       Dungeon |   7892 |   7293 |    599 |   1187 |   4947 |   8 |  986.5 |
        Temple |     38 |     35 |      3 |      0 |     30 |   1 |   38.0 |
         Sewer |    265 |    265 |      0 |     82 |    108 |   1 |  265.0 |
        Bailey |    500 |    500 |      0 |    122 |    231 |   1 |  500.0 |
               +--------+--------+--------+--------+--------+-----+--------+

Top non-repeatable levels by time:
     D:4: 1950 daAuts
     D:6: 1718 daAuts
     D:5: 1112 daAuts
     D:3: 951 daAuts
     D:8: 841 daAuts
     D:1: 514 daAuts
  Bailey: 500 daAuts
     D:7: 412 daAuts
     D:2: 390 daAuts
   Sewer: 265 daAuts
  Temple: 38 daAuts
